[Event "Prague Festival Masters 2024"]
[Site "Prague"]
[Date "2024.03.05"]
[Round "7.1"]
[White "Praggnanandhaa R"]
[Black "Gukesh D"]
[Result "1/2-1/2"]
[ECO "C54"]
[WhiteElo "2743"]
[BlackElo "2725"]
[Annotator "TA"]
[PlyCount "182"]
[EventDate "2024.02.22"]
[EventType "tourn"]
[EventCountry "CZE"]
[SourceTitle "playchess.com"]
[Source "ChessBase"]
[SourceQuality "1"]
[TimeControl "40/5400+30:1800+30"]

1. e4 e5 2. Nf3 Nc6 3. Bc4 Bc5 4. d3 Nf6 5. O-O d6 6. c3 a6 7. Re1 Ba7 8. Nbd2 O-O 9. Nf1 {[%emt 0:00:29] White has an edge.} Na5 10. Bb3 Nxb3 11. axb3 h6 12. Ng3 Re8 13. h3 b5 14. b4 Bb7 15. Nh2 d5 16. Qf3 Re6 17. Nf5 Kh7 ({Black should try} 17... dxe4 $11 18. dxe4 h5) 18. Qg3 Ne8 19. Ng4 {[%emt 0:06:58] White is much more active.} (19. exd5 $14 Qxd5 20. Ng4) 19... dxe4 $11 20. dxe4 (20. Nxe5 $2 Qf6 21. Nd7 Qxf5 $17) 20... Nd6 21. Nxe5 Nxf5 ({Better is} 21... Qg8 $14 22. Be3 Nxe4) 22. exf5 $16 Rf6 23. Be3 Bxe3 24. Qxe3 Rxf5 25. Rad1 Qf6 26. f3 h5 27. Kh2 Bc6 28. Nxc6 Qxc6 29. Qe7 a5 30. bxa5 Rxa5 31. Re5 b4 32. Rxa5 Rxa5 33. Qxb4 {[%emt 0:00:39][%mdl 4096] Endgame. KQR-KQR} (33. Qxf7 bxc3 34. bxc3 Qxc3 $11) 33... Re5 34. Qf4 $36 {[%emt 0:03:53][%csl LRe5,LRf7][%mdl 2048] White is in control.} Qe6 35. Rd7 $1 Rf5 (35... Qxd7 $16 36. Qxe5 Kg8) 36. Qxc7 $18 Qe2 {[%emt 0:00:01] And now ...Rg5 would win.} 37. Re7 (37. Rxf7 $2 Rg5 $19) (37. f4 $18 Qxb2 38. Rxf7 Rxf7 39. Qxf7 Qxc3 40. Qxh5+ Kg8 41. Qd5+ Kf8 42. Qf5+ Kg8 43. Qe4) 37... Qd2 (37... Qxb2 $16 38. h4 (38. Rxf7 $2 Rg5 $19) 38... Qf2) 38. h4 (38. Rxf7 $2 Rg5 $19) 38... Rf4 39. Qe5 (39. Rxf7 $2 Rxh4+ 40. Kg3 Qe1#) 39... Rxh4+ 40. Kg3 Rh1 41. Qe4+ (41. Rxf7 h4+ (41... Qxb2 42. Qxg7#) 42. Kg4 Qxg2+ (42... Qxb2 43. Qxg7#) 43. Kf4 Qg3+ (43... Qxb2 44. Qxg7#) 44. Kf5 Qg6+ (44... Qxf3+ 45. Ke6 $17) 45. Kf4 Qxf7+ 46. Qf5+ Qxf5+ 47. Kxf5 Rg1 48. Ke5 h3 49. Kd6 h2 50. Kc6 h1=Q (50... h1=B 51. Kd6 Bxf3 52. Ke5 g5 53. Kf5 g4 54. Ke5 g3 55. Kf4 Bb7 56. Ke3 g2 57. Ke2 Rb1 58. Kd3 g1=Q 59. b3 Rxb3 60. Kd2 Rb2+ 61. Kd3 Qd1+ 62. Ke3 Qd2#) 51. Kd6 Qh5 (51... Qxf3 52. Kc5 Rg5+ 53. Kd4 Qd5+ 54. Ke3 Rg3+ 55. Kf2 Qf3+ 56. Ke1 Rg2 57. c4 Qe2#) 52. b3 Rg6+ (52... Qxf3 53. Kc5 Qxc3+ 54. Kd5 Rd1+ 55. Ke4 Rd4+ 56. Ke5 Kg6 57. Ke6 Qe3#) 53. Kd7 Qd5+ (53... Qxf3 54. Kd8 Re6 55. Kc8 Re7 56. Kd8 Qf8#) 54. Kc8 Rc6+ (54... Qxf3 55. Kc7 Re6 56. Kc8 Re7 57. Kd8 Qf8#) 55. Kb8 Qb5+ 56. Ka8 Ra6#) 41... Kh6 {[%emt 0:00:37] Strongly threatening ...h4+.} 42. Qf4+ (42. Rxf7 $2 {perishes.} h4+ $19 (42... Qxb2 $2 43. Rb7 $18) (42... Qxb2 $2 43. Rb7 $18)) 42... Qxf4+ 43. Kxf4 $16 {[%emt 0:00:03] KR-KR} g5+ 44. Kg3 (44. Kf5 $16 Rh2 45. Re2 (45. Rxf7 Rxg2 46. Rf6+ Kh7 $11)) 44... f5 $14 45. Re6+ Kg7 46. Kf2 Rb1 47. Re2 f4 48. Rd2 {[%emt 0:02:24] With the idea Ke2.} g4 (48... Kf6 $11) 49. g3 $1 $16 h4 50. gxh4 ({Of course not} 50. fxg4 $6 fxg3+ 51. Kg2 Kg6 $11) 50... g3+ 51. Kg2 Rc1 {[%emt 0:00:11] Dodges Rc2} 52. Kh3 {[%emt 0:05:52] Kg4 is the strong threat.} Rh1+ 53. Kg4 Rh2 54. Rd1 Rxb2 55. Kxf4 g2 56. Rg1 Rc2 57. Kg4 Kh6 58. f4 Kg6 {[%emt 0:00:31] [#]} 59. c4 $1 Rxc4 60. Rxg2 Rc1 61. h5+ Kh6 62. Re2 Rg1+ 63. Kf5 Ra1 64. Re8 Ra2 65. Kg4 Rg2+ {[%emt 0:00:16] [#]} 66. Kf3 $1 Ra2 67. Re5 Ra1 68. Rb5 Ra2 69. Rc5 Ra1 {[%emt 0:00:06] [#]} 70. Re5 (70. Rg5 $1 $16) 70... Ra2 (70... Rg1 $14) 71. Kg4 (71. Rg5 $16) 71... Rg2+ $11 72. Kf5 Rf2 (72... Kxh5 $11 {remains equal.} 73. Kf6+ Kh6) 73. Ke4 (73. Re3 $16) 73... Ra2 (73... Re2+ $14 74. Kf5 Rc2) 74. Kf3 (74. Rg5 $16) 74... Ra1 75. Kg4 {[%emt 0:00:14] aiming for Re6+.} Rg1+ 76. Kf5 Rf1 (76... Kxh5 $11 {keeps the balance.} 77. Kf6+ Kh6) 77. Re4 (77. Re8 $16) 77... Ra1 (77... Kxh5 $11 78. Kf6 Rd1) 78. Kf6 (78. Re3 $16) 78... Kxh5 {[%emt 0:02:08] The position is equal.} 79. f5 Ra6+ 80. Re6 Ra7 81. Rd6 (81. Re1 $5 Ra6+ $8 82. Ke5 $11) 81... Kh6 82. Rb6 Kh5 83. Re6 (83. Rb1 $5 Ra6+ $8 84. Ke5 $11) 83... Kh6 84. Re5 Kh5 85. Re7 (85. Re1 $5 Ra6+ $8 86. Re6 $11) 85... Ra6+ 86. Kg7 {[%emt 0:00:05] Threatening mate with f6.} Kg5 87. Rf7 Rb6 88. f6 Ra6 89. Re7 {[%emt 0:00:08] Re1 would kill now.} Rxf6 90. Re5+ Rf5 91. Rxf5+ Kxf5 {[%emt 0:00:00] Black escapes into a draw.   Weighted Error Value: White=0.09 (flawless) /Black=0.16 (very precise) .  Mistake:       	White=9     	Black=10     Inaccurate:     	White=3     	Black=3      OK:         	White=30    	Black=28     Best:        	White=8     	Black=23     Strong:       	White=2     	---        Brilliant:      	White=1     	---} 1/2-1/2

[Event "Prague Festival Masters 2024"]
[Site "Prague"]
[Date "2024.03.05"]
[Round "7.2"]
[White "Bartel, Mateusz"]
[Black "Navara, David"]
[Result "1/2-1/2"]
[ECO "B94"]
[WhiteElo "2657"]
[BlackElo "2679"]
[Annotator "TA"]
[PlyCount "114"]
[EventDate "2024.02.22"]
[EventType "tourn"]
[EventCountry "CZE"]
[SourceTitle "playchess.com"]
[Source "ChessBase"]
[SourceQuality "1"]
[TimeControl "40/5400+30:1800+30"]

1. e4 c5 2. Nf3 d6 3. d4 cxd4 4. Nxd4 Nf6 5. Nc3 a6 6. Bg5 Nbd7 7. Bc4 Qb6 8. Bb3 e6 9. a4 Qa5 10. Qd2 Be7 11. f3 Nc5 12. Ba2 Bd7 13. O-O Rc8 14. Rfe1 Nxa4 15. Nxa4 Qxd2 16. Bxd2 Bxa4 17. Bxe6 fxe6 18. Rxa4 Kf7 19. c3 Nd7 20. Raa1 Bf6 21. Be3 Ne5 22. Re2 Rhd8 23. Nb3 Nc4 24. Bd4 g6 25. Bxf6 Kxf6 26. f4 e5 27. Rf1 exf4 28. Rxf4+ Ke7 29. Nd4 Rf8 30. Rxf8 Rxf8 $11 {[%emt 0:00:44][%mdl 4096] Endgame. KRN-KRN} 31. b3 Ne5 32. c4 a5 33. Nb5 Nd3 34. Re3 Nb4 35. Rh3 Rf7 36. Rg3 Rf4 37. Nc3 Ke6 38. Rg5 Nc6 39. Rd5 Rf7 40. Nb5 Nb4 41. Nd4+ Kd7 42. Rxa5 {[%emt 0:00:00] aiming for Rb5.} Nc6 43. Rd5 Nxd4 44. Rxd4 {[%emt 0:00:00] Threatens to win with c5. KR-KR} Kc6 45. b4 Rf4 46. g3 Rf3 47. Kg2 {[%emt 0:00:00] The position is equal.} Rb3 48. b5+ Kc5 49. Rd5+ Kxc4 {[%emt 0:00:05] ...Rd3 is the strong threat.} 50. Rxd6 Rxb5 51. Kf3 Rc5 52. Kf4 {[%emt 0:00:00] And now e5 would win.} g5+ 53. Ke3 b5 54. Rd4+ Kc3 55. Rd5 Kc4 56. Rd4+ Kc3 57. Rd5 Kc4 {[%emt 0:00:05] Weighted Error Value: White=0.05 (flawless) /Black=0.06 (flawless) .  Inaccurate:     	White=2     	Black=3      OK:         	White=23    	Black=29     Best:        	---       	Black=3} 1/2-1/2

[Event "Prague Festival Masters 2024"]
[Site "Prague"]
[Date "2024.03.05"]
[Round "7.3"]
[White "Rapport, Richard"]
[Black "Nguyen, Thai Dai Van"]
[Result "0-1"]
[ECO "A09"]
[WhiteElo "2717"]
[BlackElo "2632"]
[Annotator "TA"]
[PlyCount "64"]
[EventDate "2024.02.22"]
[EventType "tourn"]
[EventCountry "CZE"]
[SourceTitle "playchess.com"]
[Source "ChessBase"]
[SourceQuality "1"]
[TimeControl "40/5400+30:1800+30"]

1. g3 d5 2. Nf3 g6 3. c4 dxc4 4. Na3 Bg7 5. Nxc4 c5 6. Bg2 Nc6 {[%emt 0:00:07] Repels Nfe5} 7. d3 Nf6 8. Bd2 {[%emt 0:01:12] The position is equal.} O-O 9. Bc3 Be6 10. O-O Rc8 11. a3 Nd4 12. Rc1 (12. Ng5 {feels hotter.} Bd5 13. Bh3 Nd7 14. e3) 12... Nxf3+ 13. Bxf3 Bd5 14. Bxf6 exf6 15. Bxd5 Qxd5 16. Qa4 Qe6 17. Rfe1 a6 {[%emt 0:03:27] And now ...b5 would win.} 18. Qb3 b5 19. Nd2 Qxb3 20. Nxb3 f5 21. Rc2 $1 c4 $36 {[%emt 0:01:39][%mdl 2048] Black fights for an advantage.} 22. Rec1 $2 {[%emt 0:02:17] This costs White the game.} (22. dxc4 $11 Rxc4 23. Rec1) 22... cxb3 $19 23. Rxc8 Bxb2 24. Rxf8+ Kxf8 {[%emt 0:00:11][%mdl 4096] Endgame. KR-KB} 25. Rb1 Bxa3 26. Rxb3 {[%emt 0:02:51] [#]} b4 27. Kf1 (27. Rb1 {was called for.} a5 28. h4) 27... a5 28. Ke1 a4 29. Rb1 b3 {[%emt 0:00:06] ...Bb4+ would now be deadly.} 30. Kd1 Bd6 {[%emt 0:01:36] ...a3 is the strong threat.} 31. Kc1 {[%emt 0:03:27] [#] aiming for Kb2.} Be5 32. e3 $2 (32. Kd2) 32... Bc3 {[%emt 0:00:08] Weighted Error Value: White=0.41/Black=0.05 (flawless) .  Loses game:     	White=1     	---        Mistake:       	White=2     	---        Inaccurate:     	White=3     	Black=1      OK:         	White=12    	Black=12     Best:        	White=1     	Black=6      Strong:       	White=1     	---} 0-1

[Event "Prague Festival Masters 2024"]
[Site "Prague"]
[Date "2024.03.05"]
[Round "7.4"]
[White "Maghsoodloo, Parham"]
[Black "Vidit, Santosh Gujrathi"]
[Result "1-0"]
[ECO "A14"]
[WhiteElo "2740"]
[BlackElo "2742"]
[Annotator "TA"]
[PlyCount "63"]
[EventDate "2024.02.22"]
[EventType "tourn"]
[EventCountry "CZE"]
[SourceTitle "playchess.com"]
[Source "ChessBase"]
[SourceQuality "1"]
[TimeControl "40/5400+30:1800+30"]

1. Nf3 d5 2. g3 Nf6 3. Bg2 e6 4. O-O Be7 5. c4 O-O 6. b3 c5 7. e3 Nc6 8. Bb2 d4 9. exd4 cxd4 10. Re1 Re8 11. d3 Bb4 12. Nbd2 e5 13. a3 Bd6 {[%emt 0:06:06] White has an edge.} 14. b4 Bf5 15. c5 Bc7 16. Nc4 $1 {[%emt 0:00:38] b5 is the strong threat.} a6 17. Qc2 Qd7 18. Rad1 Bg4 19. Rd2 Qf5 20. Nh4 Qh5 21. h3 Be6 22. Rde2 Bd5 {[%emt 0:08:13] Repels Bf3} 23. Nd2 Bxg2 24. Kxg2 Nd5 25. Ndf3 (25. Nhf3 $1 $11) 25... Rad8 ({Better is} 25... f6 $17) 26. Qc4 $11 Nf6 $2 {[%emt 0:05:59][%mdl 8192] [#] This move loses the game for Black.} (26... Rf8 $1 $11 {and Black is okay.}) 27. Bc1 $1 $18 {[%emt 0:02:06][%cal Oe2e4] And now Re4! would win.} h6 $2 {[%emt 0:01:45] [#]} (27... e4 {is more resistant.}) 28. Re4 $1 {[%emt 0:00:21][%mdl 512] White is clearly winning.} Nxe4 29. Rxe4 g5 30. g4 Qxh4 31. Nxh4 gxh4 32. Bxh6 {[%emt 0:00:40] Weighted Error Value: White=0.08 (flawless) /Black=0.50.  Loses game:     	---       	Black=1      Mistake:       	White=1     	Black=2      Inaccurate:     	White=1     	Black=1      OK:         	White=7     	Black=9      Best:        	White=2     	---        Strong:       	White=2     	---        Brilliant:      	White=1     	---} 1-0

[Event "Prague Festival Masters 2024"]
[Site "Prague"]
[Date "2024.03.05"]
[Round "7.5"]
[White "Keymer, Vincent"]
[Black "Abdusattorov, Nodirbek"]
[Result "0-1"]
[ECO "D07"]
[WhiteElo "2743"]
[BlackElo "2727"]
[Annotator "TA"]
[PlyCount "76"]
[EventDate "2024.02.22"]
[EventType "tourn"]
[EventCountry "CZE"]
[SourceTitle "playchess.com"]
[Source "ChessBase"]
[SourceQuality "1"]
[TimeControl "40/5400+30:1800+30"]

1. d4 d5 2. c4 dxc4 3. e4 Nc6 4. Nf3 Bg4 5. d5 Ne5 6. Nc3 Nf6 7. Be3 {[%emt 0:00:10] D07: Queen's Gambit: Chigorin Defence.} a6 8. h3 Nxf3+ 9. gxf3 Bh5 10. Bxc4 e5 11. Be2 $146 ({Predecessor:} 11. dxe6 Qxd1+ 12. Rxd1 fxe6 13. Ke2 e5 14. Rhg1 g6 15. Bg5 Be7 16. Be6 h6 17. Bxf6 Bxf6 {1-0 Bogdanov,V (2323)-Maryasin,B (2258) Wch Seniors 65 30th 2022 (10)}) 11... Bd6 12. Qb3 b5 13. a4 bxa4 14. Qxa4+ Nd7 15. Rg1 (15. Bxa6 O-O $17) 15... O-O 16. Qc2 (16. Bxa6 f5 (16... Bxf3 17. Bh6 $11) 17. exf5 Nb8 $17 (17... Rxf5 18. Kd2 $17)) 16... a5 17. Nb5 Qe7 18. Na7 (18. Nxc7 $2 Rac8 19. Kf1 (19. Bg5 $2 f6 $19) 19... Rxc7 $19) 18... f5 19. Nc6 Qf7 20. h4 (20. Nxa5 $2 fxe4 21. Ra4 (21. Qxe4 $2 Nf6 $19) 21... Nf6 $19 (21... Qxd5 $2 22. Bc4 $18) (21... exf3 $2 22. Bd3 $19) (21... Bxf3 22. Bh6 $19)) (20. Rxa5 Rxa5 21. Nxa5 fxe4 22. Qxe4 Bxf3 (22... Nf6 23. Qc4 $17) 23. Qxf3 Qxf3 24. Bxf3 Rxf3) (20. Rg5 $11 {remains equal.}) 20... Kh8 (20... fxe4 $17 21. Bh6 (21. fxe4 a4 $15) 21... g6 (21... exf3 22. Rxg7+ Qxg7 23. Bxg7 $11) (21... Bg6 22. h5 $15) 22. Bxf8 (22. Rxa5 $2 Rxa5 23. Nxa5 Ra8 $19) 22... Rxf8 23. Qxe4 (23. fxe4 $2 Qxf2+ 24. Kd2 Bxe2 $19) 23... Nc5) 21. Rg5 $1 $11 (21. Nxa5 $2 fxe4 22. fxe4 (22. Qxe4 $2 Nf6 $19) 22... Bb4+ 23. Kf1 Rxa5 $19) (21. Rxa5 $2 Rxa5 22. Nxa5 fxe4 23. Qxe4 Nf6 $19 (23... Bxf3 24. Qxf3 Qxf3 25. Bxf3 $15)) 21... Qe8 22. Kd1 ({But not} 22. Rxa5 Rxa5 (22... Bb4+ 23. Nxb4 Rxa5 24. Qxc7 $16) 23. Nxa5 fxe4 24. fxe4 Bxe2 25. Qxe2 (25. Kxe2 h6 $15) 25... Nf6 $15) (22. Nxa5 fxe4 23. fxe4 Bb4+ 24. Bd2 Bxd2+ 25. Qxd2 Bxe2 26. Qxe2 (26. Kxe2 $2 Nc5 $19) 26... Qb8 $19) (22. exf5 Nf6 $15) (22. Rxf5 $11 Rxf5 23. exf5) 22... h6 $17 23. Rg1 (23. Rxf5 $15 Rxf5 24. exf5) 23... a4 $17 24. Rxa4 Rxa4 25. Qxa4 fxe4 26. fxe4 Bxe2+ 27. Kxe2 Qh5+ 28. Kd3 {[%emt 0:02:21] [#]} Qf3 $1 29. Kc2 Nf6 30. Qc4 Nxe4 31. Rf1 (31. Qd3 $17 {might work better.}) 31... Nf6 $19 32. Rd1 Ng4 33. Re1 Nxf2 34. Bxf2 Qxf2+ 35. Re2 Qf1 36. Qe4 Rf4 37. Qe3 Rc4+ 38. Kb3 Rxh4 0-1

[Event "Prague Festival Masters 2024"]
[Site "Prague"]
[Date "2024.03.06"]
[Round "8.1"]
[White "Vidit, Santosh Gujrathi"]
[Black "Rapport, Richard"]
[Result "1/2-1/2"]
[ECO "E93"]
[WhiteElo "2742"]
[BlackElo "2717"]
[Annotator "TA"]
[PlyCount "60"]
[EventDate "2024.02.22"]
[EventType "tourn"]
[EventCountry "CZE"]
[SourceTitle "playchess.com"]
[Source "ChessBase"]
[SourceQuality "1"]
[TimeControl "40/5400+30:1800+30"]

1. d4 d6 2. Nf3 Nf6 3. c4 g6 4. Nc3 Bg7 5. e4 O-O 6. Be2 e5 7. d5 Nbd7 8. Be3 Ng4 9. Bg5 f6 10. Bh4 Nh6 11. Nd2 g5 12. Bg3 f5 {[%emt 0:00:03] [#] aiming for ...f4.} 13. f3 Nf6 14. h3 f4 {[%emt 0:02:03] White is slightly better.} 15. Bf2 c5 16. Qc2 Nf7 17. a3 Bd7 18. b4 b6 19. O-O-O h5 20. Kb2 Qc7 21. b5 a5 22. bxa6 (22. Rdg1 $14 {deserves consideration.}) 22... Rxa6 $11 {[%emt 0:00:36] The position is equal.} 23. Nb5 Qb7 24. a4 Rfa8 25. Ra1 Qb8 26. Nb1 Nd8 27. N1c3 h4 28. Rhb1 Nb7 29. Kc1 Bf8 30. Be1 Be7 {[%emt 0:00:07] Weighted Error Value: White=0.06 (flawless) /Black=0.05 (flawless) .  Mistake:       	White=1     	---        Inaccurate:     	White=1     	Black=1      OK:         	White=10    	Black=6} 1/2-1/2

[Event "Prague Festival Masters 2024"]
[Site "Prague"]
[Date "2024.03.06"]
[Round "8.2"]
[White "Gukesh D"]
[Black "Keymer, Vincent"]
[Result "1-0"]
[ECO "E33"]
[WhiteElo "2725"]
[BlackElo "2743"]
[Annotator "TA"]
[PlyCount "53"]
[EventDate "2024.02.22"]
[EventType "tourn"]
[EventCountry "CZE"]
[SourceTitle "playchess.com"]
[Source "ChessBase"]
[SourceQuality "1"]
[TimeControl "40/5400+30:1800+30"]

1. d4 Nf6 2. c4 e6 3. Nc3 Bb4 4. Nf3 d6 5. Qc2 O-O 6. Bg5 Nc6 7. a3 Bxc3+ 8. Qxc3 h6 9. Bh4 Re8 10. O-O-O Bd7 {[%emt 0:18:52] The position is equal.} 11. e3 e5 12. Qc2 (12. dxe5 $5 Nxe5 13. Be2 $11) 12... a6 13. Bd3 g5 (13... exd4 $11 14. Nxd4 Rb8) 14. dxe5 $1 $14 Nxe5 15. Nxe5 Rxe5 (15... dxe5 $14 16. Bg3 Qe7) 16. f4 $16 Rc5 17. b4 Rc6 (17... Qe7 $16) 18. fxg5 $18 Ng4 19. Bh7+ Kf8 {[%emt 0:09:12] [#]} 20. Rhf1 $1 Qe7 {[%emt 0:06:13] [#]} ({Inferior is} 20... hxg5 21. Rxf7+ Ke8 22. Qg6 Rxc4+ 23. Kb2) (20... Ne5 $142) 21. g6 $1 f6 (21... Qxh4 $2 {perishes.} 22. Rxf7+ Ke8 23. Qe4+ Ne5 24. Qxh4 $18) 22. h3 {[%emt 0:04:58][%cal Bh2h3,Bh3g4][%mdl 32] White is clearly winning.} d5 (22... Be6 $142) 23. hxg4 Rxc4 24. Rxf6+ Ke8 25. g7 Rxc2+ 26. Bxc2 {[%emt 0:01:00] Black is weak on the dark squares} Qxg7 27. Bg6+ {[%emt 0:00:09] Weighted Error Value: White=0.08 (flawless) /Black=0.36.  Mistake:       	---       	Black=5      OK:         	White=3     	Black=4      Best:        	White=4     	Black=2      Strong:       	White=3     	---} 1-0

[Event "Prague Festival Masters 2024"]
[Site "Prague"]
[Date "2024.03.06"]
[Round "8.3"]
[White "Navara, David"]
[Black "Nguyen, Thai Dai Van"]
[Result "1/2-1/2"]
[ECO "A49"]
[WhiteElo "2679"]
[BlackElo "2632"]
[Annotator "TA"]
[PlyCount "72"]
[EventDate "2024.02.22"]
[EventType "tourn"]
[EventCountry "CZE"]
[SourceTitle "playchess.com"]
[Source "ChessBase"]
[SourceQuality "1"]
[TimeControl "40/5400+30:1800+30"]

1. Nf3 d5 2. g3 g6 3. Bg2 Bg7 4. d4 Nf6 5. c4 c6 6. O-O O-O 7. b3 dxc4 8. bxc4 c5 9. Bb2 cxd4 10. Nxd4 Qb6 11. Qc1 Bd7 12. Nd2 Bc6 13. Nxc6 Nxc6 {[%emt 0:00:36] White is slightly better.} 14. Rb1 {[%emt 0:01:10] [#] Hoping for Bxf6.} Qc7 15. Bc3 {[%emt 0:01:39] This pair of bishops is nice.} Rfd8 16. Qb2 Rab8 {[%emt 0:00:53] The position is equal.} 17. Rfd1 Ne8 18. Ne4 Rxd1+ 19. Rxd1 Rd8 20. Rb1 b6 21. Bxg7 Nxg7 22. c5 bxc5 23. Nxc5 Rb8 {[%emt 0:01:45] Wards off Qb7} 24. Nb3 Na5 25. Rc1 Qd8 26. Qd4 {[%emt 0:07:32] [#] And now Qxd8+ would win.} Nxb3 27. Qxd8+ Rxd8 28. axb3 $11 {[%emt 0:00:12][%mdl 4096] Endgame. KRB-KRN} Ne6 29. e3 Kf8 30. b4 Rb8 31. Rc4 Ng7 32. Rc7 Ne6 33. Rb7 Rxb7 34. Bxb7 Nd8 35. Ba8 Ke8 36. Kf1 $1 Kd7 {[%emt 0:01:19] Weighted Error Value: White=0.04 (flawless) /Black=0.04 (flawless) .  Inaccurate:     	---       	Black=1      OK:         	White=10    	Black=16     Strong:       	White=1     	---} 1/2-1/2

[Event "Prague Festival Masters 2024"]
[Site "Prague"]
[Date "2024.03.06"]
[Round "8.4"]
[White "Bartel, Mateusz"]
[Black "Praggnanandhaa R"]
[Result "1/2-1/2"]
[ECO "B53"]
[WhiteElo "2657"]
[BlackElo "2743"]
[Annotator "TA"]
[PlyCount "60"]
[EventDate "2024.02.22"]
[EventType "tourn"]
[EventCountry "CZE"]
[SourceTitle "playchess.com"]
[Source "ChessBase"]
[SourceQuality "1"]
[TimeControl "40/5400+30:1800+30"]

1. e4 c5 2. Nf3 Nc6 3. Bb5 Nf6 4. Nc3 d6 5. d4 cxd4 6. Qxd4 Bd7 7. Bxc6 Bxc6 8. Bg5 e6 9. O-O-O Be7 10. Rhe1 Qa5 11. Nd5 Bxd5 (11... exd5 12. exd5 Nxd5 13. Bxe7 Nxe7 14. Rxe7+ Kxe7 15. Qxd6+ (15. Qxg7 $2 Bxf3 16. gxf3 Qe5 $19) 15... Ke8 16. Re1+ $16) 12. exd5 Qxa2 13. Rd3 O-O (13... Qxd5 $2 14. Bxf6 Qxd4 (14... gxf6 $2 15. Qxd5 exd5 16. Rde3 $18) 15. Bxd4 $18) (13... Nxd5 $2 14. Ra3 $18) (13... Qa1+ $11 {was preferrable.} 14. Kd2 Qa5+ 15. Kd1 (15. b4 Qb5 $11) 15... h6 (15... Nxd5 16. Qxg7 Rf8 17. Bxe7 $18) (15... Qxd5 $2 16. Bxf6 Qxd4 17. Bxd4 $18) 16. dxe6 O-O (16... hxg5 $2 17. exf7+ Kxf7 18. Rxe7+ Kg8 19. Qxd6 $18) 17. exf7+ Rxf7) 14. dxe6 $14 {[%emt 0:02:38] White is more active.} d5 ({Of course not} 14... fxe6 15. Ra3 Qd5 16. Qxd5 (16. Rxa7 $2 {perishes.} Qxd4 17. Nxd4 Rxa7 $19) 16... Nxd5 17. Bxe7 (17. Rxe6 Rxf3 18. Rxf3 Bxg5+ 19. Kb1 Rd8 $11) 17... Nxe7 18. Rxe6) 15. exf7+ (15. c3 {feels hotter.} Rae8 16. exf7+ Kxf7 17. Ree3) 15... Rxf7 {[%emt 0:00:05] [#] Strongly threatening ...Ne4.} 16. Rxe7 Rxe7 $11 (16... Qa1+ 17. Kd2) 17. Bxf6 gxf6 18. Qxf6 Rg7 19. Ng5 {[%emt 0:38:49] And now Ne6 would win.} Qa1+ (19... Rf8 $5 20. Qe6+ $8 Kh8 $11) 20. Kd2 {[%emt 0:00:23][%cal Og5e6] Threatens to win with Ne6!} Qa5+ (20... Rf8 $5 21. Qe6+ $8 Kh8 $11) 21. c3 {[%emt 0:02:31] Ne6 is the strong threat. Dancing on a razor blade.} Qb6 22. Qxb6 axb6 23. Rxd5 {[%emt 0:00:06][%mdl 4096] Endgame. KRR-KRN} h6 24. Ne4 Rxg2 25. Rd7 Rc8 26. Nf6+ {[%emt 0:15:39] The position is equal.} Kf8 27. Nh7+ Kg8 (27... Ke8 $5 28. Nf6+ $8 Kf8 29. Nh7+ Ke8 30. Nf6+ Kf8 $11) 28. Nf6+ Kf8 29. Nh7+ Kg8 (29... Ke8 $5 30. Nf6+ $8 Kf8 $11) 30. Nf6+ Kf8 {[%emt 0:00:01] Weighted Error Value: White=0.14 (very precise) /Black=0.10 (very precise) .  Mistake:       	White=1     	Black=1      Inaccurate:     	White=1     	Black=2      OK:         	White=6     	Black=6      Best:        	White=6     	Black=3} 1/2-1/2